 Seeded DCSS version 0.29-a0-375-g5102b3be25 (webtiles) character file.

Game seed: 13605594255664981076 (custom seed)

321 thiscave3701365 the Chopper (level 6, -1/82 HPs)
             Began as a Minotaur Berserker on May 3, 2022.
             Was a Believer of Trog.
             Slain by an ogre
             ... wielding a +0 giant club
              (26 damage)
             ... on level 4 of the Dungeon.
             The game lasted 00:02:23 (4244 turns).

thiscave3701365 the Chopper (Minotaur Berserker)    Turns: 4244, Time: 00:02:24

Health: -1/82      AC: 10    Str: 24    XL:     6   Next: 22%
Magic:  5/5        EV:  9    Int:  4    God:    Trog [**....]
Gold:   171        SH:  0    Dex:  9    Spells: 5/5 levels left

rFire   . . .      SeeInvis .   a - +0 hand axe
rCold   . . .      Faith    .   (no shield)
rNeg    . . .      Spirit   .   o - +1 chain mail {rPois}
rPois   +          Reflect  .   (helmet restricted)
rElec   .          Harm     .   (no cloak)
rCorr   .          Rampage  .   (no gloves)
Will    .....                   (no boots)
Stlth   ..........              (no amulet)
HPRegen 0.23/turn               (no ring)
MPRegen 0.09/turn               (no ring)

@: berserking, very quick
A: horns 2, retaliatory headbutt
a: Renounce Religion, Berserk, Trog's Hand


You were on level 4 of the Dungeon.
You worshipped Trog.
Trog was pleased with you.
You visited 1 branch of the dungeon, and saw 4 of its levels.

You collected 171 gold pieces.

Inventory:

Hand Weapons
 a - a +0 hand axe (weapon)
Missiles
 t - a throwing net
Armour
 o - a +1 chain mail of poison resistance (worn)
Jewellery
 p - a ring of protection from cold
Wands
 r - a wand of charming (10)
 s - a wand of digging (3)
Scrolls
 b - 2 scrolls of vulnerability {unknown}
 d - a scroll of immolation {unknown}
 e - 6 scrolls of identify {unknown}
 g - a scroll of blinking {unknown}
 h - 2 scrolls of fog {unknown}
 i - a scroll of torment {unknown}
 k - 2 scrolls of poison {unknown}
 q - a scroll of teleportation {unknown}
Potions
 c - a potion of brilliance {unknown}
 f - 2 potions of haste {unknown}
 j - a potion of flight {unknown}
 l - a potion of might {unknown}
 m - a potion of ambrosia {unknown}
 n - a potion of magic {unknown}


   Skills:
 - Level 4.8 Fighting
 + Level 6.4 Axes
 - Level 3.8 Armour
 - Level 3.5 Dodging


You had 5 spell levels left.
You didn't know any spells.
Your spell library was empty.

Dungeon Overview and Level Annotations

Branches:
Dungeon (4/15)
 Temple: D:4-7

Altars:
Cheibriados
Makhleb
Okawaru
Uskayaw


Innate Abilities, Weirdness & Mutations

You have a pair of horns on your head.
You reflexively headbutt those who attack you in melee.


Message History

A goblin is nearby!
A goblin is nearby!
An ogre comes into view. It is wielding a +0 giant club.
The ogre shouts!
There are monsters nearby!
The ogre misses you.
There are monsters nearby!
You hit the ogre. You headbutt the ogre.
The ogre is moderately wounded.
There are monsters nearby!
There are monsters nearby!
You hit the ogre. Your headbutt misses the ogre.
The ogre is heavily wounded.
You hit the goblin.
The ogre hits you with a +0 giant club!!
Ouch! That really hurt!
The goblin completely misses you.
There are monsters nearby!
You are too injured to fight recklessly!
There are monsters nearby!
You are too injured to fight recklessly!
Unknown command.
You are too injured to fight recklessly!
You are too injured to fight recklessly!
Unknown command.
You are too injured to fight recklessly!
A red film seems to cover your vision as you go berserk!
You feel yourself moving faster!
You feel mighty! The ogre hits you with a +0 giant club!
The goblin barely misses you. You furiously retaliate!
You headbutt the goblin!
You kill the goblin!
Trog accepts your kill.
You hit the ogre.
The ogre is heavily wounded.
You closely miss the ogre.
The ogre is heavily wounded.
You slash the ogre!
The ogre is almost dead.
The ogre hits you with a +0 giant club!!
You die...

##.######...#
...........
#.!.......
#........
#.......#
#.#.......#
#.#....)..#
#.#...<@O.# #
#.#.##.####
#.##.#.##.#
#.........#.#..
###.#...........
#...####.#....
#.### ... ..
#.######..##
#.........#


You could see an ogre.

Vanquished Creatures
  2 orc priests (D:4)
  An iguana (D:3)
  An orc wizard (D:3)
  8 gnolls
  3 adders
  An ufetubus (D:4)
  20 orcs
  3 endoplasms
  3 giant cockroaches
  8 goblins
  4 hobgoblins
  3 jackals (D:1)
  A quokka (D:4)
  10 ball pythons
  A bat (D:3)
  3 frilled lizards
  4 kobolds
  7 rats
83 creatures vanquished.

Notes
Turn   | Place    | Note
-------+----------+-------------------------------------------
     0 | D:1      | thiscave3701365 the Minotaur Berserker began the quest for
                  | the Orb.
     0 | D:1      | Reached XP level 1. HP: 19/19 MP: 0/0
   289 | D:1      | Found a faded altar of an unknown god.
   330 | D:1      | Reached XP level 2. HP: 24/27 MP: 1/1
   613 | D:1      | Reached skill level 4 in Axes
   867 | D:2      | Reached XP level 3. HP: 25/33 MP: 2/2
   874 | D:2      | Reached ** piety under Trog
  1032 | D:2      | Reached XP level 4. HP: 35/41 MP: 3/3
  2088 | D:3      | Reached XP level 5. HP: 29/47 MP: 4/4
  2979 | D:3      | Found a burning altar of Makhleb.
  2979 | D:3      | Found a hide-covered altar of Uskayaw.
  3407 | D:4      | Reached skill level 5 in Axes
  3466 | D:4      | Found a snail-covered altar of Cheibriados.
  3566 | D:4      | Found an iron altar of Okawaru.
  3684 | D:4      | Reached skill level 6 in Axes
  3684 | D:4      | Reached XP level 6. HP: 55/55 MP: 5/5
  4244 | D:4      | Slain by an ogre

Illustrated notes

Levels and vault maps discovered:
D:1:      wander_arrival_lonely_grave, layout_basic,
          ebering_ecumenical_altar_rust
D:2:      layout_basic, minmay_misc_feat_tower, grunt_decor_mini_mirrors
D:3:      layout_basic, mainiacjoe_overflow_divided_tiny
D:4:      layout_loops_ring, grunt_temple_overflow_opulence,
          general_overflow_altar, mainiacjoe_overflow_24_doors, temple_doors_ab

Skill      XL: |  1  2  3  4  5 |
---------------+----------------+-----
Fighting       | 4 |  4.8
Axes           | 4 6 |  6.4
Armour         | 3 |  3.8
Dodging        | 3 |  3.5

Action                   |  1- 3 |  4- 6 || total
-------------------------+-------+-------++-------
Melee: Hand axe          |    35 |   135 ||   170
       Headbutt          |     7 |    18 ||    25
Invok: Berserk           |     1 |     7 ||     8
Armor: Animal skin       |     3 |       ||     3
       Scale mail        |     5 |     7 ||    12
       Chain mail        |       |    45 ||    45
Dodge: Dodged            |    24 |    62 ||    86

Table legend: (Time is in decaauts)
 A = Elapsed time spent in this place.
 B = Non-inter-level travel time spent in this place.
 C = Inter-level travel time spent in this place.
 D = Time resting spent in this place.
 E = Time spent auto-exploring this place.
 F = Levels seen in this place.
 G = Mean time per level.
                   A        B        C        D        E       F      G
               +--------+--------+--------+--------+--------+-----+--------+
         Total |   4314 |   4198 |    116 |    832 |   2918 |   4 | 1078.5 |
       Dungeon |   4314 |   4198 |    116 |    832 |   2918 |   4 | 1078.5 |
               +--------+--------+--------+--------+--------+-----+--------+

Top non-repeatable levels by time:
     D:3: 1688 daAuts
     D:4: 970 daAuts
     D:2: 918 daAuts
     D:1: 737 daAuts
